[Event "SuperFinal 2015 (men)"]
[Site "Chita"]
[Date "2015.08.11"]
[Round "3.5"]
[White "Artemiev, Vladislav"]
[Black "Motylev, Alexander"]
[Result "1-0"]
[ECO "D20"]
[WhiteElo "2671"]
[BlackElo "2658"]
[PlyCount "47"]
[EventDate "2015.??.??"]
[TimeControl "6000+1370"]
[WhiteClock "0:10:31"]
[BlackClock "0:01:49"]

1. d4 d5 2. c4 dxc4 3. e3 e5 4. Bxc4 exd4 5. exd4 Bd6 6. Nf3 Nf6 7. O-O O-O 8.
h3 Nc6 9. Nc3 Bf5 10. Bg5 h6 11. Bh4 g5 12. Nxg5 hxg5 13. Bxg5 Re8 14. Qd2 Nxd4
15. Rad1 c5 16. b4 b6 17. bxc5 bxc5 18. Rfe1 Rxe1+ 19. Qxe1 Be6 (19... Qe7 20.
Qd2 Ne4 21. Bxe7 Nxd2 22. Bd5) (19... Be7) 20. Bxe6 fxe6 21. Rxd4 Bh2+ (21...
cxd4 22. Qxe6+ Kg7 23. Nd5) 22. Kxh2 Qxd4 23. Qxe6+ Kg7 24. Ne2 1-0